[Event "Early-Titled-Tuesday-Blitz-October-03-2023"]
[Site "Chess.com"]
[Date "2023.10.03"]
[Round "1"]
[White "Giorno"]
[Black "K_A_S_T_O_R"]
[Result "0-1"]
[WhiteElo "2494"]
[BlackElo "2902"]
[TimeControl "180+1"]
[EndTime "8:01:57 PDT"]
[Termination "K_A_S_T_O_R won by resignation"]

1. Nf3 c5 2. c4 Nf6 3. d4 cxd4 4. Nxd4 b6 5. Nc3 Bb7 6. f3 d6 7. e4 e6 8. Be3 Be7 9. Be2 O-O 10. O-O Nc6 11. Qd2 Qd7 12. Rfd1 Rfd8 13. b3 Rac8 14. a4 Ba8 15. Nxc6 Bxc6 16. a5 Qc7 17. axb6 axb6 18. Ra7 Qxa7 0-1

[Event "Early-Titled-Tuesday-Blitz-October-03-2023"]
[Site "Chess.com"]
[Date "2023.10.03"]
[Round "1"]
[White "Shivananda1964"]
[Black "JoakimVonAnd"]
[Result "0-1"]
[WhiteElo "2422"]
[BlackElo "2747"]
[TimeControl "180+1"]
[EndTime "8:02:09 PDT"]
[Termination "JoakimVonAnd won by resignation"]

1. e4 g6 2. d4 Bg7 3. Nc3 a6 4. a4 c6 5. Bc4 d5 6. exd5 cxd5 7.
Nxd5 e6 8. Ne3 Qxd4 9. Qxd4 Bxd4 10. Nf3 Bg7 0-1

[Event "Early-Titled-Tuesday-Blitz-October-03-2023"]
[Site "Chess.com"]
[Date "2023.10.03"]
[Round "1"]
[White "RamonManon0g"]
[Black "aa175"]
[Result "0-1"]
[WhiteElo "2273"]
[BlackElo "2610"]
[TimeControl "180+1"]
[EndTime "8:02:10 PDT"]
[Termination "aa175 won by resignation"]

1. e4 e5 2. Nf3 Nf6 3. d4 Nxe4 4. Nxe5 d6 5. Nf3 d5 6. c4 Bb4+ 7. Nbd2 Nc6 8. Be2 O-O 9. h3 dxc4 10. O-O Bxd2 11. Nxd2 Nxd2 12. Qxd2 Nxd4 13. Bxc4 Bxh3 14. Qf4 Be6 15. Bd3 Bf5 16. Bxf5 Ne2+ 0-1

[Event "Early-Titled-Tuesday-Blitz-October-03-2023"]
[Site "Chess.com"]
[Date "2023.10.03"]
[Round "1"]
[White "kritipatel"]
[Black "Lady_Nika"]
[Result "0-1"]
[WhiteElo "2112"]
[BlackElo "2537"]
[TimeControl "180+1"]
[EndTime "8:02:20 PDT"]
[Termination "Lady_Nika won by checkmate"]

1. d4 d5 2. c4 e6 3. Nc3 f5 4. Nf3 Nf6 5. g3 c6 6. Bg2 Bd6 7. O-O O-O 8. Bf4 Qe7 9. Ne5 Nbd7 10. c5 Bb8 11. e3 Nxe5 12. Bxe5 Bxe5 13. dxe5 Nd7 14. f4 Qxc5 15. Qe2 a5 16. Rac1 Qe7 17. Rfd1 Nc5 18. a3 b5 19. b4 axb4 20. axb4 Nd7 21. Qd3 Nb6 22. Ne2 Bb7 23. Nd4 Nc4 24. Bf1 Ra3 25. Qb1 Rxe3 26. Bxc4 dxc4 27. Re1 Rd3 28. Ne2 Rfd8 29. Nc3 Qc7 30. Rcd1 Qb6+ 31. Kh1 c5+ 32. Kg1 cxb4+ 33. Kf1 Rf3+ 34. Ke2 Qe3# 0-1

[Event "Early-Titled-Tuesday-Blitz-October-03-2023"]
[Site "Chess.com"]
[Date "2023.10.03"]
[Round "1"]
[White "Indianlad"]
[Black "AleksanderHnydiuk"]
[Result "1-0"]
[WhiteElo "3032"]
[BlackElo "2511"]
[TimeControl "180+1"]
[EndTime "8:02:29 PDT"]
[Termination "Indianlad won by resignation"]

1. Nc3 d5 2. e4 d4 3. Nce2 e5 4. d3 c5 5. f4 Nc6 6. Nf3 Bd6 7. g3 f5 8. exf5 Bxf5 9. Bg2 Nf6 10. O-O e4 11.
Nh4 Qd7 12. Nxf5 Qxf5 13. dxe4 1-0

[Event "Early-Titled-Tuesday-Blitz-October-03-2023"]
[Site "Chess.com"]
[Date "2023.10.03"]
[Round "1"]
[White "komogro"]
[Black "remi04"]
[Result "0-1"]
[WhiteElo "2489"]
[BlackElo "2879"]
[TimeControl "180+1"]
[EndTime "8:02:42 PDT"]
[Termination "remi04 won by resignation"]

1. Nf3 d5 2. g3 g6 3. Bg2 Bg7 4.
O-O e5 5. d3 Ne7 6. Nbd2 O-O 7.
e4 Nbc6 8. c3 h6 9. Re1 Re8 10.
exd5 Nxd5 11. Nc4 Bf5 12. a4 Qd7 13. a5 Rad8 14. Be3 Nxe3 15. Rxe3 Bxd3 16. Qb3 Qe6 17. Nfd2 Ne7 18. Rae1 Nf5 0-1

[Event "Early-Titled-Tuesday-Blitz-October-03-2023"]
[Site "Chess.com"]
[Date "2023.10.03"]
[Round "1"]
[White "Martial2008"]
[Black "cristiano78"]
[Result "1-0"]
[WhiteElo "2598"]
[BlackElo "2252"]
[TimeControl "180+1"]
[EndTime "8:02:43 PDT"]
[Termination "Martial2008 won by resignation"]

1. d4 Nf6 2. Nf3 g6 3. Bg5 Bg7 4. Nbd2 h6 5. Bh4 d6 6. e4 g5 7. Bg3 Nh5 8. c3 Nd7 9. Bd3 e6 10. Qe2 Qe7 11. e5 d5 12. O-O c5 13. h3 Nxg3 14.
fxg3 a6 15. Nh2 b5 16. Qh5 Bb7 17. Rxf7 Qxf7 18. Bg6 1-0

[Event "Early-Titled-Tuesday-Blitz-October-03-2023"]
[Site "Chess.com"]
[Date "2023.10.03"]
[Round "1"]
[White "maurovargas01"]
[Black "Dacean99"]
[Result "0-1"]
[WhiteElo "1907"]
[BlackElo "2523"]
[TimeControl "180+1"]
[EndTime "8:02:50 PDT"]
[Termination "Dacean99 won by resignation"]

1. e4 d6 2. f4 e5 3. fxe5 Qh4+ 4. g3 Qxe4+ 5. Qe2 Qxh1 6. Nf3 Bg4 7. Kf2 Qxf3+ 8.
Qxf3 Bxf3 9. Kxf3 dxe5 10. Nc3 Nc6 11. Bb5 O-O-O 12. d3 Nd4+ 13. Kf2 Bc5 14. Be3 Nf6 15. Bc4 Ng4+ 0-1

[Event "Early-Titled-Tuesday-Blitz-October-03-2023"]
[Site "Chess.com"]
[Date "2023.10.03"]
[Round "1"]
[White "Arystanner"]
[Black "kreonx"]
[Result "1-0"]
[WhiteElo "2825"]
[BlackElo "2467"]
[TimeControl "180+1"]
[EndTime "8:03:01 PDT"]
[Termination "Arystanner won by resignation"]

1. d4 Nf6 2. c4 e6 3. Nc3 Bb4 4.
Nf3 O-O 5. Bg5 h6 6. Bh4 b6 7. e4 g5 8. Nxg5 hxg5 9. Bxg5 Be7 10.
e5 Nh7 11. Bh6 f5 12. Qf3 Kh8 13. Bxf8 Qxf8 14. Qxa8 Nc6 15. Rd1 Kg7 16. Be2 Ba6 17. Qxf8+ Bxf8 18. O-O 1-0

[Event "Early-Titled-Tuesday-Blitz-October-03-2023"]
[Site "Chess.com"]
[Date "2023.10.03"]
[Round "1"]
[White "MightyGMpretender"]
[Black "superfast64"]
[Result "1-0"]
[WhiteElo "2818"]
[BlackElo "2463"]
[TimeControl "180+1"]
[EndTime "8:03:08 PDT"]
[Termination "MightyGMpretender won by resignation"]

1. e4 c6 2. d4 d5 3. exd5 cxd5 4. Bd3 Nc6 5. c3 Nf6 6. h3 g6 7.
Nf3 Bf5 8. O-O Bxd3 9. Qxd3 Bg7 10. Bf4 O-O 11. Nbd2 Qb6 12. Nb3 Ne4 13. Rfe1 e6 14.
Nfd2 Nxd2 15. Qxd2 Na5 16. Nxa5 Qxa5 17. h4 b5 18. h5 Qd8 19. Bg5 Bf6 20. Re5 a5 21. Rae1 Rb8 22. Qf4 Bxg5 23. Rxg5 b4 24. hxg6 hxg6 25.
Rxe6 bxc3 26. Rgxg6+ 1-0

[Event "Early-Titled-Tuesday-Blitz-October-03-2023"]
[Site "Chess.com"]
[Date "2023.10.03"]
[Round "1"]
[White "KononenkoD"]
[Black "zozik"]
[Result "1-0"]
[WhiteElo "2627"]
[BlackElo "2316"]
[TimeControl "180+1"]
[EndTime "8:03:22 PDT"]
[Termination "KononenkoD won by resignation"]

1. e4 e6 2. d4 d5 3. exd5 exd5 4. c4 Nf6 5. Nc3 Bb4 6. Nf3 O-O 7. Be2 dxc4 8. O-O Be6 9. Bg5 h6 10. Bh4 Bxc3 11. bxc3 b5 12. a4 c6 13. Ne5 Bd5 14. Bf3 g5 15. Bg3 Ne4 16. Bxe4 Bxe4 17. Re1 Bd5 18. Qh5 Kg7 19. Ng4 Rh8 20. Be5+ f6 1-0

[Event "Early-Titled-Tuesday-Blitz-October-03-2023"]
[Site "Chess.com"]
[Date "2023.10.03"]
[Round "1"]
[White "ContrVersia"]
[Black "Marcin"]
[Result "1-0"]
[WhiteElo "2892"]
[BlackElo "2492"]
[TimeControl "180+1"]
[EndTime "8:03:24 PDT"]
[Termination "ContrVersia won by resignation"]

1. Nf3 g6 2. c4 Bg7 3. d4 Nf6 4. g3 O-O 5. Bg2 d6 6. O-O c6 7. Nc3 Qa5 8. e4 e5 9. h3 Nbd7 10. Re1 exd4 11. Nxd4 Ne5 12. Bf1 Re8 13. f4 Ned7 14. Nb3 Qc7 15. Bg2 a5 16. Be3 a4 17.
Nd4 a3 18. b3 Nh5 19. g4 Nhf6 20. Qc2 Nc5 21. Rad1 Bd7 22. Bf2 Rad8 23. Nf3 Bc8 24. e5 Nfd7 25. b4 Ne6 26. exd6 Qb6 27. Bxb6 1-0

[Event "Early-Titled-Tuesday-Blitz-October-03-2023"]
[Site "Chess.com"]
[Date "2023.10.03"]
[Round "1"]
[White "YouJustFoundYourGodfather"]
[Black "agustinv04"]
[Result "1-0"]
[WhiteElo "2626"]
[BlackElo "2309"]
[TimeControl "180+1"]
[EndTime "8:03:27 PDT"]
[Termination "YouJustFoundYourGodfather won by resignation"]

1. g3 e5 2. Bg2 d5 3. d3 Nf6 4.
Nf3 Nc6 5. O-O g6 6. Nc3 Bg7 7. e4 dxe4 8. Nxe4 Nxe4 9. dxe4 O-O 10.
c3 Bg4 11. Qb3 Qc8 12. Be3 b6 13. Rad1 Bh3 14. Bxh3 Qxh3 15. Qd5 Qh5 16. Kg2 Nd8 17. Qxa8 Ne6 18. Qc6 Nf4+ 19. Bxf4 exf4 20. Rd5 1-0

[Event "Early-Titled-Tuesday-Blitz-October-03-2023"]
[Site "Chess.com"]
[Date "2023.10.03"]
[Round "1"]
[White "Eagle_2019"]
[Black "amylazy"]
[Result "1-0"]
[WhiteElo "2674"]
[BlackElo "2371"]
[TimeControl "180+1"]
[EndTime "8:03:34 PDT"]
[Termination "Eagle_2019 won by resignation"]

1. d4 Nf6 2. Bg5 d5 3. Nd2 e6 4.
e3 Be7 5. Bd3 O-O 6. c3 Nbd7 7.
f4 c5 8. Ngf3 b6 9. O-O Bb7 10.
Ne5 Ne4 11. Bxe7 Qxe7 12. Nxd7 Qxd7 13. Bxe4 dxe4 14. Rf2 f5 15. Qb3 Rac8 16. Nc4 Bd5 17. Ne5 Qe7 18. Qa3 cxd4 19. Qxe7 1-0

[Event "Early-Titled-Tuesday-Blitz-October-03-2023"]
[Site "Chess.com"]
[Date "2023.10.03"]
[Round "1"]
[White "ozates"]
[Black "falzehope0"]
[Result "0-1"]
[WhiteElo "2620"]
[BlackElo "2351"]
[TimeControl "180+1"]
[EndTime "8:03:43 PDT"]
[Termination "falzehope0 won by resignation"]

1. e4 d5 2. exd5 Nf6 3. c4 e6 4. dxe6 Bxe6 5. d4 Bb4+ 6. Nc3 Ne4 7. Qb3 Qxd4 8. Be3 Bxc3+ 9. bxc3 Qxc3+ 10. Qxc3 Nxc3 11.
Bd3 Nc6 12. Kd2 Na4 13. Nf3 O-O-O 14. Ke2 Nc3+ 15. Kd2 Na4 16. Ke2 Nb4 17. Be4 Nc3+ 0-1

[Event "Early-Titled-Tuesday-Blitz-October-03-2023"]
[Site "Chess.com"]
[Date "2023.10.03"]
[Round "1"]
[White "NovikovaGalina"]
[Black "blitzking1729"]
[Result "0-1"]
[WhiteElo "2404"]
[BlackElo "2726"]
[TimeControl "180+1"]
[EndTime "8:04:05 PDT"]
[Termination "blitzking1729 won by resignation"]

1. e4 g6 2. d4 Bg7 3. Nc3 d6 4. f3 Nc6 5. Be3 e5 6. Nge2 exd4 7.
Nxd4 Nf6 8. Qd2 O-O 9. O-O-O Re8 10. g4 d5 11. g5 Nh5 12. Nxd5 Nxd4 13. Bxd4 Bxd4 14.
Qxd4 Qxg5+ 15. Kb1 Qd8 16. Be2 c6 17. Nc3 Qxd4 18.
Rxd4 Be6 19. Rhd1 Nf4 20. Bc4 c5 0-1

[Event "Early-Titled-Tuesday-Blitz-October-03-2023"]
[Site "Chess.com"]
[Date "2023.10.03"]
[Round "1"]
[White "Abund"]
[Black "dodoucb"]
[Result "1-0"]
[WhiteElo "2778"]
[BlackElo "2442"]
[TimeControl "180+1"]
[EndTime "8:04:10 PDT"]
[Termination "Abund won by resignation"]

1. c4 Nf6 2. g3 e6 3. Bg2 d5 4. Nf3 Be7 5. O-O O-O 6. b3 d4 7.
Bb2 c5 8. e3 dxe3 9. fxe3 Nc6 10. d4 Re8 11. Nbd2 a5 12. Kh1 a4 13. Qe2 Qa5 14. Rac1 Nb4 15. Ne5 Nxa2 16. Ra1 Nc3 17. Qd3 cxd4 18. exd4 Bb4 19. Bxc3 1-0

[Event "Early-Titled-Tuesday-Blitz-October-03-2023"]
[Site "Chess.com"]
[Date "2023.10.03"]
[Round "1"]
[White "Malysch"]
[Black "curradogianfigliazzi"]
[Result "1-0"]
[WhiteElo "2606"]
[BlackElo "2251"]
[TimeControl "180+1"]
[EndTime "8:04:11 PDT"]
[Termination "Malysch won by resignation"]

1. d4 d5 2. c4 e6 3. Nf3 Nf6 4. g3 Bb4+ 5. Nbd2 O-O 6. Bg2 dxc4 7. Qc2 b5 8. a4 c6 9. axb5 cxb5 10. Ng5 h6 11. h4 Qxd4 12. Bxa8 Nbd7 13. Bg2 Ne5 14.
Nf3 Nxf3+ 15. Bxf3 Rd8 16. O-O Bxd2 17. Rd1 c3 18. bxc3 1-0

[Event "Early-Titled-Tuesday-Blitz-October-03-2023"]
[Site "Chess.com"]
[Date "2023.10.03"]
[Round "1"]
[White "FairChess_on_YouTube"]
[Black "robertoalejandro10"]
[Result "1-0"]
[WhiteElo "3075"]
[BlackElo "2513"]
[TimeControl "180+1"]
[EndTime "8:04:12 PDT"]
[Termination "FairChess_on_YouTube won by resignation"]

1. c4 c5 2. Nc3 g6 3. g3 Bg7 4.
Bg2 Nc6 5. Nf3 Nf6 6. O-O O-O 7.
d4 cxd4 8. Nxd4 d6 9. Nc2 Be6 10. b3 Qd7 11. Bb2 Bh3 12. Qd2 Bxg2 13. Kxg2 Rac8 14.
Rad1 Ne5 15. Ne3 b6 16. Ned5 Nxd5 17. Nxd5 Qb7 18. Kg1 Rfd8 19. f4 e6 20. Ne3 Nc6 21. Bxg7 Kxg7 22. Qb2+ Kg8 23. Ng4 e5 24. fxe5 Nxe5 25.
Nh6+ Kf8 26. Nxf7 Nxf7 27. Qh8+ Ke7 28. Rxf7+ 1-0

[Event "Early-Titled-Tuesday-Blitz-October-03-2023"]
[Site "Chess.com"]
[Date "2023.10.03"]
[Round "1"]
[White "milovichalex"]
[Black "jk13"]
[Result "0-1"]
[WhiteElo "2290"]
[BlackElo "2618"]
[TimeControl "180+1"]
[EndTime "8:04:13 PDT"]
[Termination "jk13 won by resignation"]

1. e4 e5 2. Nf3 Nc6 3. Bb5 a6 4. Ba4 Nf6 5. O-O b5 6. Bb3 Bc5 7. Nxe5 Nxe5 8. d4 Bxd4 9. Qxd4 d6 10. c3 c5 11. Qd1 O-O 12. Bg5 h6 13. Bh4 Bb7 14. f3 Re8 15. Qd2 Nxe4 16. fxe4 Qxh4 17. Qxd6 Qxe4 18. Rf2 c4 19. Bc2 Qe1+ 20. Rf1 Qe3+ 21. Kh1 Qe2 0-1

[Event "Early-Titled-Tuesday-Blitz-October-03-2023"]
[Site "Chess.com"]
[Date "2023.10.03"]
[Round "1"]
[White "Jospem"]
[Black "hypert"]
[Result "1-0"]
[WhiteElo "3062"]
[BlackElo "2511"]
[TimeControl "180+1"]
[EndTime "8:04:14 PDT"]
[Termination "Jospem won by resignation"]

1. e4 c5 2. Nf3 d6 3. c3 Nf6 4.
h3 Bd7 5. Bd3 Bc6 6. Qe2 d5 7.
e5 Nfd7 8. e6 Nf6 9. exf7+ Kxf7 10.
Bf5 g6 11. Ng5+ Ke8 12. Be6 Qc7 13. Bf7+ Kd7 14. d4 Ne4 15. Nxe4 dxe4 16. d5 Ba4 17. b3 Bg7 18. bxa4 Qe5 19. Nd2 Rf8 20. Be6+ Kd8 21. Rb1 b6 22. Nxe4 Nd7 23. f4 Qc7 24. O-O Nf6 25. Ng5 h6 26. Nf7+ Rxf7 27. Bxf7 Qd6 28.
c4 Kc7 29. Bb2 Rf8 30. Be5 1-0

[Event "Early-Titled-Tuesday-Blitz-October-03-2023"]
[Site "Chess.com"]
[Date "2023.10.03"]
[Round "1"]
[White "BJthechessgod"]
[Black "Orujov2008"]
[Result "0-1"]
[WhiteElo "2358"]
[BlackElo "2659"]
[TimeControl "180+1"]
[EndTime "8:04:22 PDT"]
[Termination "Orujov2008 won by checkmate"]

1. e4 e5 2. Nf3 Nf6 3. Nxe5 Nxe4 4. Qe2 Qe7 5. Qxe4 d6 6. d4 dxe5 7. dxe5 Nc6 8. Bb5 Bd7 9. Bf4 g5 10. Bg3 f5 11. Qa4 f4 12. O-O fxg3 13. hxg3 a6 14. Nc3 O-O-O 15. Bxa6 Nxe5 16. Bb5 Kb8 17. Rfe1 c6 18.
Bf1 h5 19. Qa5 Bg7 20. f4 gxf4 21. gxf4 Nf3+ 22. gxf3 Qh4 23. Qg5 Bd4+ 24. Kg2 Qh3# 0-1

[Event "Early-Titled-Tuesday-Blitz-October-03-2023"]
[Site "Chess.com"]
[Date "2023.10.03"]
[Round "1"]
[White "Mops_2004"]
[Black "ChainedDowntohell"]
[Result "1-0"]
[WhiteElo "2807"]
[BlackElo "2455"]
[TimeControl "180+1"]
[EndTime "8:04:29 PDT"]
[Termination "Mops_2004 won by resignation"]

1. g3 Nf6 2. Bg2 e5 3. c4 d5 4. cxd5 c6 5. dxc6 Nxc6 6. Nc3 Bc5 7. d3 Bf5 8. Nf3 Qe7 9. Bg5 Rd8 10. Qa4 O-O 11. Qh4 Nd4 12. O-O Bb6 13. Nxd4 Rxd4 14.
Ne4 Bd8 15. Rac1 Re8 16. Be3 Ra4 17. Nxf6+ gxf6 18. Qxa4 a6 19. Bc5 Qe6 20. Bd5 1-0

[Event "Early-Titled-Tuesday-Blitz-October-03-2023"]
[Site "Chess.com"]
[Date "2023.10.03"]
[Round "1"]
[White "NelsonLinda"]
[Black "GMJustin"]
[Result "1-0"]
[WhiteElo "2563"]
[BlackElo "2197"]
[TimeControl "180+1"]
[EndTime "8:04:30 PDT"]
[Termination "NelsonLinda won by resignation"]

1. b3 f5 2. Bb2 Nf6 3. Nf3 e6 4.
g3 Be7 5. Bg2 O-O 6. O-O d6 7.
d3 e5 8. Nbd2 c5 9. e4 Nc6 10.
exf5 Bxf5 11. Nc4 Qd7 12. Re1 Rae8 13. Ne3 Be6 14. Ng5 Ng4 15. Nxe6 Nxe3 16. Nxf8 1-0

[Event "Early-Titled-Tuesday-Blitz-October-03-2023"]
[Site "Chess.com"]
[Date "2023.10.03"]
[Round "1"]
[White "GMaka"]
[Black "Iball95"]
[Result "0-1"]
[WhiteElo "2434"]
[BlackElo "2764"]
[TimeControl "180+1"]
[EndTime "8:04:39 PDT"]
[Termination "Iball95 won by resignation"]

1. d4 d5 2. Nc3 Nf6 3. Bf4 c5 4.
e3 cxd4 5. exd4 Bg4 6. Bb5+ Nc6 7. f3 Bd7 8. Nge2 e6 9. Qd2 a6 10. Bd3 Nb4 11. O-O Be7 12. g4 Rc8 13. a3 Nxd3 14. Qxd3 b5 15. Ng3 h6 16. Nce2 Qb6 17. c3 a5 18. Kg2 b4 19. axb4 axb4 20. Qa6 Qxa6 21.
Rxa6 O-O 22. Rfa1 bxc3 23. bxc3 Rfe8 24. Ra7 Bb5 25. Rb7 Bc6 26. Rc7 Rxc7 27. Bxc7 Rc8 28. Ra7 Nd7 29. Ba5 Bd6 30. Kf2 Bb8 31. Rxd7 Bxd7 32. Nf4 Bxf4 0-1

[Event "Early-Titled-Tuesday-Blitz-October-03-2023"]
[Site "Chess.com"]
[Date "2023.10.03"]
[Round "1"]
[White "larsmandreassen"]
[Black "ArmanGhevondyanchess"]
[Result "0-1"]
[WhiteElo "2207"]
[BlackElo "2567"]
[TimeControl "180+1"]
[EndTime "8:04:43 PDT"]
[Termination "ArmanGhevondyanchess won by checkmate"]

1. d4 Nf6 2. Nf3 g6 3. Bg5 Bg7 4. Nc3 d5 5. Bxf6 Bxf6 6. e4 dxe4 7. Nxe4 Bg7 8. Bc4 O-O 9. O-O b6 10. Re1 Bb7 11. c3 Nd7 12. Qe2 e6 13. Rad1 Nf6 14.
Nxf6+ Qxf6 15. Ne5 Rad8 16. f3 Rd6 17. a4 Rfd8 18.
g3 c5 19. Ng4 Qe7 20. dxc5 Rxd1 21. Rxd1 Rxd1+ 22. Qxd1 Qxc5+ 23. Kg2 Qxc4 24. Qd8+ Bf8 25. Nf6+ Kg7 26. Ne8+ Kh6 27. Nf6 Qe2+ 28. Kh3 Qf1+ 29.
Kg4 Bxf3+ 30. Kf4 Bd1+ 31. Ke3 Qe2+ 32. Kf4 g5# 0-1

[Event "Early-Titled-Tuesday-Blitz-October-03-2023"]
[Site "Chess.com"]
[Date "2023.10.03"]
[Round "1"]
[White "AlmasRakhmatullaev"]
[Black "viktorgen2021"]
[Result "1-0"]
[WhiteElo "2802"]
[BlackElo "2452"]
[TimeControl "180+1"]
[EndTime "8:04:49 PDT"]
[Termination "AlmasRakhmatullaev won by resignation"]

1. e4 c6 2. d4 d5 3. e5 Bf5 4. Nd2 e6 5. Nb3 f6 6. Nf3 Nd7 7. Bf4 c5 8. Bb5 c4 9. Bxd7+ Qxd7 10. Nbd2 c3 11. bxc3 Rc8 12. Nh4 Ne7 13. exf6 gxf6 14. Nxf5 Nxf5 15. Qf3 Bd6 16. Bxd6 Qxd6 17. O-O Rg8 18.
Rfe1 Kd7 19. g3 Rg6 20. Rab1 b6 21. c4 Nxd4 22. Qh5 Rcg8 23. Rbd1 Rxg3+ 24. hxg3 Rxg3+ 25. fxg3 Qxg3+ 26. Kh1 1-0

[Event "Early-Titled-Tuesday-Blitz-October-03-2023"]
[Site "Chess.com"]
[Date "2023.10.03"]
[Round "1"]
[White "igorkovalenko"]
[Black "venturov"]
[Result "1-0"]
[WhiteElo "2869"]
[BlackElo "2485"]
[TimeControl "180+1"]
[EndTime "8:04:52 PDT"]
[Termination "igorkovalenko won by resignation"]

1. c4 e6 2. b3 Nf6 3. Bb2 c5 4.
e3 Be7 5. g3 O-O 6. Bg2 d5 7.
f4 Nc6 8. Nf3 d4 9. O-O Rb8 10.
Qe2 a6 11. exd4 cxd4 12. d3 b5 13. Nbd2 Bb7 14. Rac1 Qb6 15. h3 Rbd8 16. Kh2 Rfe8 17. Rf2 h6 18. Rcf1 Bf8 19. Ne5 Nd7 20. Nxd7 Rxd7 21.
f5 e5 22. f6 g6 23. Be4 Nd8 24. Qg4 Bxe4 25. Nxe4 Qe6 26. Qd1 Nb7 27. Bc1 Qc6 28.
Qg4 Qe6 29. Qh4 Nd6 30. Nc5 1-0

[Event "Early-Titled-Tuesday-Blitz-October-03-2023"]
[Site "Chess.com"]
[Date "2023.10.03"]
[Round "1"]
[White "jup1978"]
[Black "Grischuk"]
[Result "0-1"]
[WhiteElo "2507"]
[BlackElo "3008"]
[TimeControl "180+1"]
[EndTime "8:05:01 PDT"]
[Termination "Grischuk won by resignation"]

1. d4 e6 2. Nf3 c5 3. c3 Nf6 4. e3 b6 5. Bd3 Bb7 6. Qe2 d5 7. O-O Nbd7 8. Nbd2 Bd6 9. e4 dxe4 10. Nxe4 Nxe4 11. Bxe4 Bxe4 12. Qxe4 O-O 13. Rd1 Qc7 14. h3 Rfe8 15. dxc5 Nxc5 16. Qe2 e5 17. Be3 e4 18. Nd4 Nd3 19. Nb3 f5 20. Nc1 f4 21. Bd4 f3 22.
gxf3 Nf4 23. Qf1 exf3 24. Be3 Ng2 25. Qd3 Rad8 26. Qd5+ Kh8 27. Qxf3 Nxe3 28. fxe3 Bc5 29. Rxd8 Qxd8 30. Nb3 Rxe3 0-1

[Event "Early-Titled-Tuesday-Blitz-October-03-2023"]
[Site "Chess.com"]
[Date "2023.10.03"]
[Round "1"]
[White "Freefresh"]
[Black "Khromkin"]
[Result "1-0"]
[WhiteElo "2789"]
[BlackElo "2449"]
[TimeControl "180+1"]
[EndTime "8:05:01 PDT"]
[Termination "Freefresh won on time"]

1. d4 d5 2. c4 dxc4 3. e4 e5 4. Nf3 Bb4+ 5. Nbd2 exd4 6. Bxc4 Nc6 7. O-O Qf6 8. a3 Bc5 9. b4 Bb6 10. Bb2 Nge7 11.
Nb3 Bg4 12. Be2 Rd8 13. b5 Bxf3 14. Bxf3 Ne5 15. Bg4 Qh4 16. Bh3 g5 17. Bf5 Nxf5 18.
exf5 O-O 19. a4 a6 20. bxa6 bxa6 21. a5 Ba7 22. Rc1 Rb8 23. Rxc7 1-0

[Event "Early-Titled-Tuesday-Blitz-October-03-2023"]
[Site "Chess.com"]
[Date "2023.10.03"]
[Round "1"]
[White "Wizard_97"]
[Black "JACK_BAU3R"]
[Result "1-0"]
[WhiteElo "2528"]
[BlackElo "1998"]
[TimeControl "180+1"]
[EndTime "8:05:01 PDT"]
[Termination "Wizard_97 won on time"]

1. e4 d6 2. d4 Nf6 3. Nc3 e5 4.
Nf3 exd4 5. Nxd4 Be7 6. Bc4 O-O 7.
O-O Nbd7 8. Re1 a6 9. a4 Re8 10.
a5 Bf8 11. Bg5 h6 12. Bh4 Ne5 13. Bb3 c5 14. Nf5 g5 15. Bg3 Be6 16. Nd5 c4 17. Bxe5 Nxd5 18. Bxc4 dxe5 19. Bxd5 Bxd5 20. exd5 Rc8 21.
h4 Rc5 22. d6 1-0

[Event "Early-Titled-Tuesday-Blitz-October-03-2023"]
[Site "Chess.com"]
[Date "2023.10.03"]
[Round "1"]
[White "Cayse"]
[Black "savitha1030"]
[Result "1-0"]
[WhiteElo "2871"]
[BlackElo "2487"]
[TimeControl "180+1"]
[EndTime "8:05:03 PDT"]
[Termination "Cayse won by resignation"]

1. e4 c5 2. Nf3 d6 3. Bb5+ Bd7 4. Bxd7+ Qxd7 5. c4 Nc6 6. Nc3 Nf6 7. d4 cxd4 8. Nxd4 g6 9. f3 Bg7 10. Be3 O-O 11.
O-O Rac8 12. b3 Nh5 13. Rc1 Nxd4 14. Bxd4 Bh6 15. Rc2 b6 16. Kh1 e6 17. g4 Nf4 18.
Be3 f5 19. exf5 gxf5 20. g5 Bxg5 21. Rg1 Nh3 22. Bxg5 Kh8 23. Rg3 Nxg5 24. Rxg5 Rg8 25. Rcg2 Rxg5 26. Rxg5 Qc6 27. Nd5 Rf8 28. Qd4+ e5 29.
Qh4 Qd7 30. Qh6 Rf7 31. Nf6 1-0

[Event "Early-Titled-Tuesday-Blitz-October-03-2023"]
[Site "Chess.com"]
[Date "2023.10.03"]
[Round "1"]
[White "Ermito2020"]
[Black "MBA_CHESS_2021"]
[Result "1-0"]
[WhiteElo "2594"]
[BlackElo "2248"]
[TimeControl "180+1"]
[EndTime "8:05:06 PDT"]
[Termination "Ermito2020 won by resignation"]

1. e4 e5 2. Nf3 Nc6 3. Nc3 Nf6 4. Bb5 d6 5. d4 exd4 6. Nxd4 Bd7 7. O-O Be7 8. Re1 Nxd4 9. Qxd4 O-O 10. Bg5 h6 11.
Bh4 Bxb5 12. Nxb5 Nd7 13. Bxe7 Qxe7 14. Nxc7 Rfc8 15. Nxa8 Rxa8 16. Rad1 Ne5 17. Qxd6 Qg5 18. Kh1 Re8 19. Qd2 Qh5 20. f4 Ng4 21. h3 Qh4 22.
Kg1 Nf6 23. e5 Nh5 24. Rf1 Rc8 25. c3 Ng3 26. Qf2 Rc4 27. Rd4 Rc6 28. f5 Nxf1 29. Qxh4 1-0

[Event "Early-Titled-Tuesday-Blitz-October-03-2023"]
[Site "Chess.com"]
[Date "2023.10.03"]
[Round "1"]
[White "chess94cu"]
[Black "Roedor"]
[Result "1-0"]
[WhiteElo "2707"]
[BlackElo "2398"]
[TimeControl "180+1"]
[EndTime "8:05:09 PDT"]
[Termination "chess94cu won by resignation"]

1. Nf3 Nf6 2. c4 g6 3. Nc3 Bg7 4. g3 O-O 5. Bg2 d6 6. d4 Nc6 7. O-O Bf5 8. d5 Na5 9. Nd2 c5 10. e4 Bd7 11. Qc2 e5 12. h3 Ne8 13. b3 a6 14. Bb2 f5 15. exf5 gxf5 16. f4 Rb8 17.
Rae1 b5 18. cxb5 axb5 19. fxe5 dxe5 20. Nd1 Qc7 21. Ne3 f4 22. Ng4 Bxg4 23. hxg4 fxg3 24.
Rxf8+ Kxf8 25. Qxh7 Rb6 26. g5 Ke7 27. Bxe5 1-0

[Event "Early-Titled-Tuesday-Blitz-October-03-2023"]
[Site "Chess.com"]
[Date "2023.10.03"]
[Round "1"]
[White "semchik73"]
[Black "Zurability"]
[Result "0-1"]
[WhiteElo "2412"]
[BlackElo "2733"]
[TimeControl "180+1"]
[EndTime "8:05:11 PDT"]
[Termination "Zurability won by resignation"]

1. Nf3 d5 2. c4 d4 3. e3 c5 4. b4 dxe3 5. fxe3 cxb4 6. d4 Nf6 7.
Bd3 Nbd7 8. O-O e6 9. e4 e5 10. Bb2 exd4 11. Bxd4 Bc5 12. Bc2 Bxd4+ 13. Qxd4 Qb6 14.
Qxb6 Nxb6 15. Nbd2 O-O 16. e5 Nfd7 17. Ne4 Nxc4 18.
Neg5 h6 19. e6 hxg5 20. exd7 Bxd7 21. Nxg5 Ne3 22. Bh7+ Kh8 23. Rf4 f6 24. Rh4 fxg5 25. Rh5 Bg4 0-1